 Dungeon Crawl Stone Soup version 0.28.0 (webtiles) character file.

Game seed: 18171125283874995475

197 danielguo94 the Cudgeller (level 5, -4/33 HPs)
             Began as a Gargoyle Fighter on Feb 5, 2022.
             Killed by nerve-wracking pain
             ... invoked by Menkaure
              (7 damage)
             ... on level 4 of the Dungeon.
             The game lasted 00:04:47 (2946 turns).

danielguo94 the Cudgeller (Gargoyle Fighter)        Turns: 2946, Time: 00:04:47

Health: -4/33      AC: 11    Str: 28    XL:     5   Next: 75%
Magic:  5/5        EV:  9    Int:  8    God:
Gold:   147        SH:  4    Dex:  9    Spells: 4/4 levels left

rFire   . . .      SeeInvis .   a - +0 flail
rCold   . . .      Faith    .   c - +0 buckler
rNeg    + . .      Spirit   .   b - +0 scale mail
rPois   ∞          Reflect  .   (no helmet)
rElec   +          Harm     .   (no cloak)
rCorr   .          Rampage  .   (no gloves)
Will    .....                   (no boots)
Stlth   ..........              (no amulet)
HPRegen 0.11/turn               k - +6 ring of strength
MPRegen 0.09/turn               (no ring)

@: no status effects
A: sickness immunity, AC +4, negative energy resistance 1, electricity
resistance, torment resistance 1, petrification resistance
a: no special abilities


You were on level 4 of the Dungeon.
You visited 1 branch of the dungeon, and saw 4 of its levels.

You collected 147 gold pieces.

Inventory:

Hand Weapons
 a - a +0 flail (weapon)
Missiles
 e - 64 stones (quivered)
 j - a throwing net
 o - 3 poisoned darts
Armour
 b - a +0 scale mail (worn)
 c - a +0 buckler (worn)
Jewellery
 k - a +6 ring of strength (left hand)
 r - a ring of magical power
Scrolls
 h - a scroll of blinking
 i - a scroll of vulnerability {unknown}
 l - a scroll of teleportation {unknown}
 m - a scroll of enchant weapon {unknown}
Potions
 d - 2 potions of might
 g - a potion of haste {unknown}
 n - a potion of mutation
 p - a potion of ambrosia {unknown}
 q - a potion of magic {unknown}
 s - a potion of attraction {unknown}


   Skills:
 + Level 3.9 Fighting
 * Level 4.4 Maces & Flails
 + Level 4.1 Armour
 + Level 0.5 Dodging
 + Level 3.7 Shields


You had 4 spell levels left.
You didn't know any spells.
Your spell library was empty.

Dungeon Overview and Level Annotations

Branches:
Dungeon (4/15)
 Temple: D:4-7

Altars:
Nemelex Xobeh

Annotations:
D:4 Menkaure


Innate Abilities, Weirdness & Mutations

You are immune to sickness and miasma.
Your stone body is resilient. (AC +4)
You are immune to poison.
You resist negative energy. (rN+)
You are resistant to electric shocks. (rElec)
You are resistant to unholy torment.
You are immune to petrification.


Message History

It's broken and can't be closed.
It's broken and can't be closed.
It's broken and can't be closed.
It's broken and can't be closed.
It's broken and can't be closed.
It's broken and can't be closed.
It's broken and can't be closed.
It's broken and can't be closed.
It's broken and can't be closed.
Unknown command.
You climb upwards.
There is a stone staircase leading down here.
You climb downwards.
Level annotation: Menkaure
There is a stone staircase leading up here.
It's broken and can't be closed.
There is a broken door here.
You closely miss Menkaure. Menkaure misses you.
You barely miss Menkaure.
Menkaure calls on the powers of darkness!
Your body is wracked with pain!
You sock Menkaure!
Menkaure is moderately damaged.
Menkaure hits you.
You closely miss Menkaure.
Menkaure is moderately damaged.
Menkaure gestures wildly while chanting.
Menkaure seems to speed up.
You hit Menkaure.
Menkaure is moderately damaged.
Menkaure hits you!!
Ouch! That really hurt!
* * * LOW HITPOINT WARNING * * *
You are too injured to fight recklessly!
You are too injured to fight recklessly!
You are too injured to fight recklessly!
There is a broken door here.
Menkaure points at you and mumbles some strange words.
Pain shoots through your body!
You die...

#.........
#.........
#.........
#.........
+.........
#.........
#.........
##M#######
#@# ###


You could see Menkaure (fast).

Vanquished Creatures
  A jelly (D:3)
  2 orc wizards (D:3)
  A hound skeleton (D:4)
  4 adders
  3 worms
  5 orcs
  A bat (D:1)
  5 endoplasms
  6 giant cockroaches
  6 goblins
  6 hobgoblins
  6 kobolds
  3 ball pythons
  4 frilled lizards
  4 rats
57 creatures vanquished.

Notes
Turn   | Place    | Note
-------+----------+-------------------------------------------
     0 | D:1      | danielguo94 the Gargoyle Fighter began the quest for the
                  | Orb.
     0 | D:1      | Reached XP level 1. HP: 14/14 MP: 1/1
   153 | D:1      | Reached XP level 2. HP: 11/19 MP: 2/2
   665 | D:2      | Reached XP level 3. HP: 17/23 MP: 3/3
  1442 | D:3      | Reached XP level 4. HP: 29/29 MP: 4/4
  1557 | D:3      | Found a faded altar of an unknown god.
  1872 | D:3      | Reached XP level 5. HP: 29/33 MP: 5/5
  1879 | D:3      | Found a sparkling altar of Nemelex Xobeh.
  2458 | D:4      | Noticed an ogre
  2490 | D:3      | HP: 1/33 [acid (8)]
  2783 | D:4      | Noticed Menkaure
  2946 | D:4      | Killed from afar by Menkaure

Illustrated notes

Levels and vault maps discovered:
D:1:      scummos_arrival_hexagon, layout_rooms
D:2:      layout_loops_ring, minmay_misc_feat_tiny, minmay_puff
D:3:      layout_basic, nemelex_spade_bored_becter,
          shapermc_ecumenical_altar_hornbeckon
D:4:      layout_basic, serial_shops, shop, kennysheep_generic_room_3,
          uniq_pikel, uniq_menkaure, uniq_crazy_yiuf_cottage

Skill      XL: |  1  2  3  4  5 |
---------------+----------------+-----
Maces & Flails | 3 4 |  4.4
Armour         | 4 |  4.1
Fighting       | |  3.9
Dodging        | |  0.5
Shields        | |  3.7

Action                   |  1- 3 |  4- 6 || total
-------------------------+-------+-------++-------
Melee: Flail             |   103 |    92 ||   195
  Use: Scroll            |       |     3 ||     3
       Potion            |       |     1 ||     1
Armor: Scale mail        |    51 |    60 ||   111
Dodge: Dodged            |    47 |    43 ||    90
Block: Buckler           |    18 |    30 ||    48
